Map: [TLMC15] Berlingrad

Players

DPGZest (Zest)

  • Race: Protoss Protoss
  • League: Master

LiquidMaNa (MaNa) - Winner!

  • Race: Protoss Protoss

VOD

Have the link to the VOD?

Description

Time

  • Played on: Oct. 21, 2021, 7:19 a.m.
  • Length: 11:14
Show
View Real Time Build Order
Export as new Build Order

DPGZest Protoss 

Build Orders: Phoenix Opening, Blink Stalkers 

Get SALT Encoding   

  12  0:00  Probe  
  13  0:12  Probe  
  14  0:17  Pylon  
  14  0:24  Probe (Chrono Boost)  
  15  0:37  Gateway, Probe (Chrono Boost)  
  16  0:44  Probe (Chrono Boost)  
  16  0:45  Assimilator  
  17  0:51  Probe  
  18  1:03  Probe (Chrono Boost)  
  19  1:04  Assimilator  
  19  1:10  Gateway  
  19  1:12  Probe (Chrono Boost)  
  19  1:17  Probe (Chrono Boost)  
  20  1:24  Cybernetics Core  
  21  1:29  Probe  
  22  1:34  Pylon  
  22  1:41  Probe  
  23  1:53  Probe  
  24  2:00  Stalker x2, Warp Gate  
  28  2:12  Pylon  
  28  2:21  Pylon  
  28  2:30  Sentry  
  30  2:39  Nexus  
  30  2:45  Probe  
  30  2:49  Twilight Council  
  30  3:02  Probe (Chrono Boost)  
  30  3:03  Phoenix  
  29  3:14  Probe (Chrono Boost)  
  29  3:18  Pylon  
  29  3:19  Blink (Chrono Boost)  
  30  3:21  Probe (Chrono Boost)  
  31  3:28  Probe  
  32  3:40  Probe  
  33  3:48  Stalker x2  
  33  3:52  Probe  
  33  3:55  Probe  
  39  4:04  Probe  
  39  4:07  Probe  
  41  4:15  Stalker x2  
  46  4:18  Probe (Chrono Boost)  
  46  4:19  Probe (Chrono Boost)  
  49  4:31  Probe (Chrono Boost)  
  49  4:35  Probe (Chrono Boost)  
  49  4:37  Probe (Chrono Boost)  
  50  4:39  Stalker x2  
  50  4:41  Probe  
  55  4:45  Probe  
  56  4:53  Probe  
  56  4:54  Pylon  
  56  4:58  Nexus  
  57  5:02  Adept  
  57  5:03  Adept  
  57  5:05  Pylon  
  61  5:11  Assimilator  
  61  5:12  Robotics Facility  
  61  5:14  Probe  
  61  5:15  Probe  
  63  5:23  Gateway, Sentry x2  
  67  5:30  Forge, Probe  
  67  5:31  Probe  
  69  5:42  Probe  
  70  5:44  Probe  
  70  5:48  Gateway x2  
  67  5:52  Stalker x2  
  71  6:00  Observer (Chrono Boost)  
  72  6:10  Probe x2  
  70  6:15  Stalker x2, Protoss Ground Weapons Level 1 (Chrono Boost)  
  70  6:18  Observer  
  70  6:23  Probe x2  
  71  6:27  Probe  
  71  6:28  Photon Cannon  
  71  6:33  Stalker  
  71  6:34  Observer  
  71  6:35  Probe x2  
  76  6:40  Stalker x2  
  76  6:41  Probe  
  76  6:44  Shield Battery  
  81  6:47  Pylon, Probe x2  
  81  6:52  Photon Cannon  
  81  6:53  Probe  
  84  6:59  Probe x2  
  86  7:05  Stalker x3, Probe  
  87  7:11  Immortal (Chrono Boost)  
  83  7:24  Shield Battery  
  83  7:27  Gateway  
  83  7:30  Gateway  
  83  7:31  Stalker x3, Gateway, Observer  
  83  7:32  Assimilator, Charge (Chrono Boost)  
  83  7:35  Photon Cannon  
  89  7:42  Assimilator  
  89  7:44  Pylon, Warp Prism (Chrono Boost)  
  89  7:45  Pylon  
  89  7:49  Observer  
  91  7:54  Stalker x2  
  95  8:03  Stalker  
  95  8:04  Stalker x2  
  101  8:08  Pylon  
  101  8:10  Pylon  
  101  8:25  Stalker x5  
  101  8:26  Zealot  
  113  8:30  Stalker  
  113  8:33  Stalker  
  117  8:52  Stalker x3, Observer  
  117  8:53  Stalker x2, Zealot x2  
  110  9:17  Stalker x7  
  110  9:23  Warp Prism (Chrono Boost)  
  122  9:29  Photon Cannon  
  122  9:44  Zealot x2  
  122  9:45  Zealot x2  
  130  9:46  Sentry  
  132  9:55  Pylon x2  
  132  9:57  Pylon  
  132  10:23  Sentry x3  
  132  10:24  Zealot x2  
  132  10:25  Zealot x3  
  148  10:29  Warp Prism (Chrono Boost)  
  137  10:57  Zealot x8  
Show
View Real Time Build Order
Export as new Build Order

LiquidMaNa Protoss - Winner!

Build Orders: Oracle Opening, Blink Stalkers 

Get SALT Encoding   

  12  0:00  Probe  
  13  0:12  Probe  
  14  0:19  Pylon  
  14  0:24  Probe  
  15  0:37  Probe (Chrono Boost)  
  15  0:39  Gateway  
  16  0:48  Assimilator  
  16  0:49  Probe (Chrono Boost)  
  17  0:54  Probe (Chrono Boost)  
  18  1:04  Probe (Chrono Boost)  
  19  1:05  Assimilator  
  19  1:07  Pylon  
  19  1:13  Probe (Chrono Boost)  
  20  1:18  Probe (Chrono Boost)  
  21  1:26  Cybernetics Core  
  21  1:29  Zealot  
  21  1:31  Probe  
  24  1:43  Probe  
  25  1:55  Probe  
  26  2:04  Adept (Chrono Boost)  
  26  2:08  Probe  
  29  2:19  Stargate  
  29  2:21  Probe  
  30  2:32  Shield Battery  
  30  2:34  Pylon  
  30  2:46  Nexus  
  30  2:47  Probe  
  31  2:59  Probe  
  31  3:04  Oracle  
  33  3:14  Warp Gate  
  33  3:18  Probe (Chrono Boost), Twilight Council  
  34  3:24  Probe (Chrono Boost)  
  35  3:28  Forge  
  35  3:32  Probe  
  36  3:44  Probe  
  36  3:47  Gateway  
  37  3:54  Blink  
  37  3:56  Probe  
  37  3:58  Probe  
  37  4:00  Protoss Ground Weapons Level 1  
  39  4:13  Probe  
  39  4:14  Probe  
  41  4:23  Gateway  
  41  4:24  Gateway  
  41  4:26  Probe x2  
  41  4:31  Dark Shrine  
  43  4:35  Pylon  
  43  4:38  Probe x2 (Chrono Boost)  
  45  4:47  Probe x2 (Chrono Boost)  
  45  4:48  Assimilator  
  45  4:52  Probe x2 (Chrono Boost)  
  49  5:02  Stalker x2  
  49  5:04  Probe x2  
  55  5:08  Pylon  
  55  5:16  Probe x2  
  55  5:17  Pylon  
  55  5:18  Stalker x2  
  61  5:28  Stalker x2  
  65  5:30  Pylon  
  64  5:39  Probe  
  62  5:47  Dark Templar  
  62  5:48  Dark Templar  
  66  5:51  Probe x2  
  66  5:55  Assimilator  
  68  5:57  Stalker  
  68  6:00  Stalker  
  72  6:17  Probe x2  
  72  6:18  Nexus  
  74  6:20  Pylon  
  74  6:25  Stalker x3  
  78  6:35  Protoss Ground Weapons Level 2 (Chrono Boost)  
  78  6:38  Probe x2  
  78  6:39  Pylon  
  80  6:40  Pylon  
  80  6:42  Stalker  
  80  6:46  Shield Battery  
  82  6:50  Probe x2  
  82  6:51  Stalker  
  83  7:08  Probe  
  84  7:12  Stalker x3  
  84  7:14  Probe  
  87  7:20  Probe  
  86  7:26  Probe  
  86  7:29  Robotics Facility  
  87  7:31  Gateway  
  87  7:32  Probe  
  88  7:37  Stalker x3, Photon Cannon  
  88  7:38  Photon Cannon  
  88  7:39  Charge, Sentry  
  96  7:47  Probe  
  97  7:51  Photon Cannon  
  97  8:01  Stalker x3  
  97  8:03  Stalker  
  105  8:09  Assimilator  
  105  8:22  Immortal (Chrono Boost)  
  109  8:27  Stalker x2  
  109  8:28  Zealot x2  
  109  8:31  Pylon  
  109  8:32  Pylon  
  109  8:33  Assimilator  
  117  8:43  Pylon  
  117  8:49  Pylon  
  117  8:51  Shield Battery  
  117  8:52  Dark Templar x3  
  119  9:06  Stalker x2  
  119  9:07  Immortal (Chrono Boost)  
  113  9:26  Stalker x3  
  113  9:31  Gateway x2  
  119  9:34  Sentry x2  
  123  9:42  Gateway  
  123  9:43  Warp Prism (Chrono Boost)  
  125  9:53  Gateway  
  123  10:11  Dark Templar x2  
  123  10:12  Observer, Zealot x2  
  130  10:22  Archon  
  130  10:27  Pylon  
  130  10:29  Pylon  
  130  10:36  Pylon  
  130  10:38  Pylon  
  130  10:39  Nexus  
  130  10:48  Stalker x2  
  130  10:49  Zealot x5  
  134  10:50  Zealot  
  118  10:58  Probe  
  118  10:59  Probe  
Tags
 
Add a new tag
Caveats
  • Supply blocks, unpowered buildings, or Contaminate may cause inaccurate times.
  • Supply counts are checked every 10 seconds.